 Dungeon Crawl Stone Soup version 0.19-a0-13-gc67dc5e (console) character file.

154 Kenran the Ruffian (level 5, -1/32 HPs)
             Began as a Gargoyle Monk on Apr 29, 2016.
             Killed from afar by an orc wizard (6 damage)
             ... with a puff of flame
             ... on level 4 of the Dungeon.
             The game lasted 00:09:55 (3267 turns).

Kenran the Ruffian (Gargoyle Monk)                  Turns: 3267, Time: 00:09:56

Health: -1/32      AC:  6    Str: 14    XL:     5   Next: 35%
Magic:  5/5        EV: 12    Int: 11    God:
Gold:   155        SH:  0    Dex: 13    Spells: 0 memorised, 4 levels left

rFire  . . .     SeeInvis .       - Unarmed
rCold  . . .     Gourm    .     a - +0 robe
rNeg   + . .     Faith    .     (no shield)
rPois  ∞         Spirit   .     (no helmet)
rElec  +         Dismiss  .     (no cloak)
rCorr  .         Reflect  .     (no gloves)
SustAt .         Harm     .     (no boots)
MR     .....                    (no amulet)
Stlth  ++........               (no ring)
                                (no ring)

@: not resistant to hostile enchantments, unstealthy
A: negative energy resistance 1, electricity resistance, unbreathing,
petrification resistance, rot immunity, AC +4
a: no special abilities


You were on level 4 of the Dungeon.
You were hungry.

You visited 1 branch of the dungeon, and saw 4 of its levels.

You collected 155 gold pieces.

Inventory:

Armour
 a - a +0 robe (worn)
Jewellery
 n - the amulet "Exus" {Inacc rC+ Stlth+, unknown}
   (You found it on level 4 of the Dungeon)

   [amulet of inaccuracy]

   It reduces the accuracy of all your attacks.
   It protects you from cold.
   It makes you more stealthy.
Wands
 m - a wand of confusion (36/48)
Scrolls
 d - 3 scrolls of remove curse {unknown}
 e - 3 scrolls of enchant weapon {unknown}
 f - 4 scrolls of identify {unknown}
 i - 2 scrolls of teleportation {unknown}
 k - 2 scrolls of immolation {unknown}
 o - a scroll of magic mapping {unknown}
Potions
 h - 2 potions of curing
 l - a potion of agility {unknown}
 q - 2 potions of haste {unknown}
 r - a potion of might {unknown}
Books
 p - a book of Beasts

   Spells                             Type                      Level
   a - Summon Butterflies             Summoning                    1
   b - Call Canine Familiar           Summoning                    3
   c - Summon Ice Beast               Ice/Summoning                4
   d - Summon Mana Viper              Hexes/Summoning              5
   e - Summon Hydra                   Summoning                    7
Comestibles
 b - a bread ration
 c - 2 beef jerkies
 g - 2 slices of pizza
 j - 2 meat rations


   Skills:
 - Level 3.2 Fighting
 - Level 2.4 Dodging
 - Level 2.1 Stealth
 + Level 6.4 Unarmed Combat


You had 4 spell levels left.
You didn't know any spells.

Dungeon Overview and Level Annotations

Branches:
Dungeon (4/15)
 Temple: D:4-7

Altars:
Dithmenos
Gozag
Ru
Sif Muna

Annotations:
D:3 UristMcMason's ghost, amateur FoFi


Innate Abilities, Weirdness & Mutations

You are resistant to torment.
Your stone body is resilient (AC +4).
You are immune to poison.
You resist negative energy.
You are resistant to electric shocks.
You can survive without breathing.
You are immune to petrification.
You are immune to rotting.


Message History

You barely miss the orc wizard.
The orc wizard gestures at you while chanting.
The puff of frost hits you! Something hits you but does no damage.
You hit the orc wizard.
The orc wizard is lightly wounded.
The orc wizard barely misses you. Something hits you.
* * * LOW HITPOINT WARNING * * *
The orc wizard hits you but does no damage.
You are too injured to fight recklessly!
You hit the orc wizard.
The orc wizard is moderately wounded.
Something hits you but does no damage. The orc wizard hits you with a dagger.
* * * LOW HITPOINT WARNING * * *
You hit the orc wizard.
The orc wizard is heavily wounded.
The orc wizard hits you but does no damage.
You hear some strange, mumbled words.
A puff of flame appears from out of thin air!
The puff of flame hits you!
You die...

#...##.##o......#
#...##.##.##.##.##
######...##.##oo.......
###.............(##.##.#.
.......(.........##.# #
.##.................##.#
######...#####.......#
#...# #{o(...#### #...#
#@####.# #...###(####.##
#.....).......####.##
#########.##..#........
#......##.##....####.##
#### #.......#......##
...#####.####..####.###
.#..................##
...#####.##..........#


You could see an orc wizard.

Vanquished Creatures
  An orc wizard (D:4)
  A worker ant (D:4)
  4 adders
  An ooze (D:4)
  A worm (D:3)
  2 dart slugs
  4 giant geckos
  An orc (D:4)
  A ball python (D:1)
  3 giant cockroaches
  6 goblins
  5 hobgoblins
  2 jackals (D:3)
  A quokka (D:2)
  6 bats
  6 giant newts
  6 kobolds
  7 rats
58 creatures vanquished.

Notes
Turn   | Place    | Note
--------------------------------------------------------------
     0 | D:1      | Kenran the Gargoyle Monk began the quest for the Orb.
     0 | D:1      | Reached XP level 1. HP: 14/14 MP: 1/1
   276 | D:1      | Reached XP level 2. HP: 19/19 MP: 2/2
   907 | D:2      | Reached XP level 3. HP: 22/23 MP: 3/3
  1066 | D:2      | Reached skill level 5 in Unarmed Combat
  1348 | D:2      | Found a shadowy altar of Dithmenos.
  1349 | D:2      | Found a deep blue altar of Sif Muna.
  1469 | D:2      | Found a sacrificial altar of Ru.
  1735 | D:2      | Found an opulent altar of Gozag.
  1865 | D:2      | Reached XP level 4. HP: 19/28 MP: 4/4
  2466 | D:3      | Noticed UristMcMason's ghost (amateur FoFi)
  2568 | D:4      | Noticed an ogre
  3020 | D:4      | Reached skill level 6 in Unarmed Combat
  3020 | D:4      | Reached XP level 5. HP: 12/32 MP: 5/5
  3033 | D:4      | Got a steaming diamond amulet
  3267 | D:4      | Killed from afar by an orc wizard

Vault maps used:
D:1:      dpeg_arrival_shrine
D:2:      nicolae_overflow_crystal_walls, gammafunk_temple_overflow_statue,
          serial_forest, infiniplex_forest_lined_corner,
          infiniplex_forest_straight_1, infiniplex_forest_clump_curved,
          infiniplex_forest_end_2, infiniplex_forest_end_2,
          infiniplex_forest_clump_C, infiniplex_forest_clump_diagonal,
          nicolae_gozag_cash_rules_everything_around_me
D:3:      nicolae_ru_path_of_blood
D:4:      first_bread

Skill      XL: |  1  2  3  4 |
---------------+-------------+-----
Unarmed Combat | 5 6 |  6.4
Fighting       | |  3.2
Dodging        | |  2.4
Stealth        | |  2.1

Action                   |  1- 3 |  4- 6 || total
-------------------------+-------+-------++-------
Melee: Unarmed           |   119 |   112 ||   231
       Punch             |       |     1 ||     1
  Use: Potion            |       |     4 ||     4
 Stab: Sleeping          |     3 |     2 ||     5
  Eat: Chunk             |     3 |     4 ||     7
Armor: Robe              |    47 |    38 ||    85
Dodge: Dodged            |    68 |    53 ||   121
